 Dungeon Crawl Stone Soup version 0.29.0-4-gdea44cf6ec (webtiles) character file.

Game seed: 2649479701594588521

98451 qw the Warrior (level 15, 0/151 HPs)
             Began as a Minotaur Berserker on Sept 9, 2022.
             Was an Elder of Trog.
             Slain by an alligator (3 damage)
             ... on level 1 of the Swamp.
             The game lasted 00:10:45 (31731 turns).

qw the Warrior (Minotaur Berserker)                Turns: 31731, Time: 00:10:46

Health: 0/151      AC: 29    Str: 29    XL:     15   Next: 74%
Magic:  24/24      EV: 16    Int:  6    God:    Trog [****..]
Gold:   1384       SH: 12    Dex: 14    Spells: 14/14 levels left

rFire   + . .      SeeInvis .   c - +0 broad axe (protect)
rCold   x . .      Faith    .   d - +0 buckler
rNeg    . . .      Spirit   .   f - +3 plate armour
rPois   +          Reflect  +   t - +3 hat of Pondering {ponderous, Will+ MP+10 Int+5}
rElec   .          Harm     .   p - +2 cloak
rCorr   .          Rampage  .   l - +1 pair of gloves
Will    +++..                   (no boots)
Stlth   ..........              r - amulet of reflection
HPRegen 0.35/turn               a - ring "Agecokat" {Fire rPois Will+ Int-3 Dex+4}
MPRegen 0.19/turn               q - +4 ring of evasion

@: about to teleport, on berserk cooldown, slowed, very slow
A: horns 2, retaliatory headbutt
a: Renounce Religion, Berserk, Trog's Hand, Brothers in Arms


You were on level 1 of the Swamp.
You worshipped Trog.
Trog was greatly pleased with you.
You visited 4 branches of the dungeon, and saw 23 of its levels.
You also visited: Ossuary.

You collected 2399 gold pieces.
You spent 1015 gold pieces at shops.


Innate Abilities, Weirdness & Mutations

You have a pair of horns on your head.
You reflexively headbutt those who attack you in melee.


   Skills:
 + Level 18.9 Fighting
 - Level 18.0 Axes
 - Level 4.0 Throwing
 - Level 16.0 Armour
 - Level 10.1 Dodging
 - Level 11.0 Shields


You had 14 spell levels left.
You didn't know any spells.
Your spell library was empty.

Inventory:

Hand Weapons
 c - a +0 broad axe of protection (weapon)
 u - a +2 war axe of flaming
Missiles
 i - 6 boomerangs (quivered)
Armour
 d - a +0 buckler (worn)
 f - a +3 plate armour (worn)
 l - a +1 pair of gloves (worn)
 p - a +2 cloak (worn)
 t - the +3 hat of Pondering (worn) {ponderous, Will+ MP+10 Int+5}
   (You took it off Gastronok on level 2 of the Lair of Beasts)

   Int:       It affects your intelligence (+5).
   MP:        It affects your magic capacity (+10).
   Will:      It increases your willpower.
 v - a +2 chain mail of fire resistance
Jewellery
 a - the ring "Agecokat" (left hand) {Fire rPois Will+ Int-3 Dex+4}
   (You found it on level 5 of the Lair of Beasts)

   [ring of fire]

   It enhances your fire magic.
   Int:       It affects your intelligence (-3).
   Dex:       It affects your dexterity (+4).
   rF:        It protects you from fire.
   rC:        It makes you vulnerable to cold.
   rPois:     It protects you from poison.
   Will:      It increases your willpower.
 q - a +4 ring of evasion (right hand)
 r - an amulet of reflection (around neck)
 s - a +4 ring of protection
 w - a ring of fire
 x - a ring of poison resistance
 Y - a ring of poison resistance
Scrolls
 b - 7 scrolls of teleportation
 g - 12 scrolls of identify
Potions
 e - 5 potions of heal wounds
 h - a potion of might
 j - a potion of cancellation
 k - 2 potions of resistance
 m - 2 potions of mutation
 n - 6 potions of haste
 o - a potion of curing

Dungeon Overview and Level Annotations

Branches:
Dungeon (15/15)            Temple (0/1) D:4            Lair (5/5) D:9
  Swamp (1/4) Lair:3       Spider (0/4) Lair:2        Slime (0/5) Lair:4
    Orc (2/2) D:9             Elf (0/3) Orc:2        Vaults (0/5) D:14
 Depths (0/4) D:15        Ossuary (visited)

Altars:
Cheibriados
Elyvilon
Fedhas
Gozag
Okawaru
Qazlal
Sif Muna
Yredelemnul
Zin
The Shining One
Lugonu

Shops:
D:1 ?   Orc:1 =   Orc:2 ((((

Portals:
Abyss: Lair:5
Trove: D:13 (give 7 scrolls of blinking)

Annotations:
D:3 1 runed translucent door, Crazy Yiuf
Swamp:1 Donald


Message History

You headbutt Donald, but do no damage. Donald blocks your attack.
You headbutt Donald.
Donald is moderately wounded.
You slash the vampire mosquito!
Donald hits you with a +6 demon trident of pain.
The vampire mosquito bites you but does no damage.
Donald completely misses you.
You block the vampire mosquito's attack.
You closely miss the vampire mosquito. You headbutt the vampire mosquito.
The vampire mosquito is severely damaged.
You slash Donald! The vampire mosquito misses you.
Donald says, "So, are you allowed to read books?"
Donald hits you with a +6 demon trident of pain!!
You writhe in agony.
The vampire mosquito completely misses you.
Donald winces.
Donald hits you with a +6 demon trident of pain!!
You writhe in agony.
31729 ||| READING 8 scrolls of teleportation.
As you read the scroll of teleportation, it crumbles to dust.
You feel strangely unstable. The vampire mosquito barely misses you.
You block the vampire mosquito's attack.
Donald says, "So, are you allowed to read books?"
You block Donald's attack. x2
31730 ||| DRINKING 7 potions of heal wounds.
You feel much better.
Donald hits you with a +6 demon trident of pain!
The alligator barely misses you. You block the alligator's attack.
A spriggan rider comes into view. It is wielding a +0 spear.
Donald hits you with a +6 demon trident of pain!!
You writhe in agony!
You block the alligator's attack. The alligator tail-slaps you.
The spriggan rider moves out of view.
31731 ||| DRINKING 6 potions of heal wounds.
You feel much better.
Donald hits you with a +6 demon trident of pain!!
The alligator misses you. You furiously retaliate!
You headbutt the alligator! The alligator tail-slaps you.
You die...

7.~~~~.7 7<~~~~.7
77~~~.~~7
##.~~.7..7 .7
##..~~~7 .7 ...
#..~~.~7 ~¤~~
#......7 ~~~~.
#....t.#
~~~~~.##..@@y#
7~~.$%.#..#...¤~7
..~~.~..####....77
~7~..~... .7...7
77.....~~ .7~~
7...~~~~~ .
7....~..~.
77..~~.~~.7
7.~77..~.7


You could see Donald (fast, strong), an alligator (swift) and a vampire
mosquito.

Vanquished Creatures
  Gastronok (Lair:2)
  Nessos (Orc:2)
  Azrael (Orc:2)
  A bunyip (Swamp:1)
  A fire dragon (D:14)
  Snorg (Orc:2)
  Erolcha (Orc:2)
  A great orb of eyes (shapeshifter) (D:15)
  2 rakshasas (D:15)
  4 vault guards (D:14)
  An ogre mage (D:15)
  A boulder beetle (D:11)
  6 two-headed ogres
  7 hydras
  A catoblepas (Lair:4)
  11 death yaks
  4 centaur warriors
  9 orc high priests (Orc:2)
  A tengu warrior (D:15)
  2 thrashing horrors (Lair:5)
  A fire crab (shapeshifter) (Lair:5)
  A fire crab (D:15)
  A glowing orange brain (D:15)
  A bog body (Swamp:1)
  A lindwurm (Lair:3)
  3 wizards (D:14)
  A harpy (shapeshifter) (Lair:5)
  2 orc knights
  An orc sorcerer (Orc:2)
  4 manticores
  A moth of wrath (D:13)
  9 ugly things
  4 cyclopes
  3 black mambas
  2 large abominations (Lair:5)
  7 elephants
  Joseph (D:7)
  A smoke demon (Lair:5)
  9 cane toads
  4 gargoyles
  2 rime drakes
  10 komodo dragons
  An unseen horror (D:12)
  2 kobold demonologists (D:10)
  2 demonic crawlers (D:13)
  2 tengu conjurers (D:14)
  3 ancient zymes (Lair:5)
  9 trolls
  A hornet (D:7)
  A hornet (shapeshifter) (Lair:5)
  A tarantella (shapeshifter) (Orc:2)
  2 tyrant leeches
  A blink frog (shapeshifter) (Lair:5)
  10 slime creatures
  42 blink frogs
  9 dream sheep (Lair:5)
  3 vampires
  3 culicivoras (Lair:2)
  Sigmund (D:2)
  A spriggan (shapeshifter) (D:15)
  2 wraiths (D:12)
  9 small abominations (Lair:5)
  A spriggan (Lair:5)
  36 yaks
  3 fire elementals (Orc:2)
  A water elemental (D:11)
  5 wyverns
  2 shadows
  4 basilisks
  A human (D:14)
  A chaos spawn (Lair:5)
  A steam dragon (D:9)
  2 redbacks
  7 vampire mosquitoes
  6 wargs
  5 swamp worms
  2 acid dragons
  13 water moccasins
  3 hell hounds (Orc:2)
  4 black bears
  12 orc warriors
  3 wolves (Lair:2)
  8 ogres
  10 centaurs
  8 kobold brigands
  2 phantoms (D:9)
  An elf zombie (Ossuary)
  2 necrophages (D:4)
  4 scorpions
  11 bullfrogs
  4 wights (D:7)
  3 troll zombies (D:9)
  19 killer bees
  9 electric eels
  A centaur zombie (Ossuary)
  3 hounds
  3 jellies (D:6)
  2 gnoll boudas
  2 human zombies (Ossuary)
  25 orc priests
  4 iguanas
  Natasha (twice) (D:2)
  Terence (D:2)
  20 orc wizards
  3 ogre zombies (D:9)
  3 mummies
  14 gnolls
  7 adders
  A river rat (D:3)
  A white imp (D:6)
  2 ufetubi
  4 worms
  3 dart slugs
  60 orcs
  5 bats
  9 endoplasms
  7 giant cockroaches
  11 goblins
  6 hobgoblins
  A jackal (D:1)
  6 quokkas
  6 ball pythons
  2 frilled lizards
  2 goblin skeletons (D:9)
  A goblin zombie (D:9)
  16 hobgoblin zombies
  2 jackal zombies (Ossuary)
  28 kobolds
  6 kobold zombies
  An orc skeleton (D:9)
  23 orc zombies
  9 rats
  3 rat zombies (Ossuary)
729 creatures vanquished.

Vanquished Creatures (collateral kills)
  A komodo dragon (Lair:2)
  A warg (Orc:2)
  3 orc priests (Orc:2)
  3 orcs (Orc:2)
8 creatures vanquished.

Vanquished Creatures (others)
  A kobold (D:11)
  35 fungi
  53 plants
89 creatures vanquished.

Grand Total: 826 creatures vanquished

Notes
Turn   | Place    | Note
-------+----------+-------------------------------------------
     0 | D:1      | qw the Minotaur Berserker began the quest for the Orb.
     0 | D:1      | Reached XP level 1. HP: 19/19 MP: 0/0
     0 | D:1      | 0 ||| qw: Version: 0.1-a-113-g051387a
     0 | D:1      | 0 ||| qw: Game counter: 7278
     0 | D:1      | 0 ||| qw: Always use a shield: true
     0 | D:1      | 0 ||| qw: Do Orc after D:15 true
     0 | D:1      | 0 ||| qw: Do second Lair branch before Depths: true
     0 | D:1      | 0 ||| qw: Lair rune preference: random
     0 | D:1      | 0 ||| qw: Plans: Normal
     0 | D:1      | 0 ||| PLANNING D:1-11
   110 | D:1      | Found Roapluf's Magic Scroll Emporium.
   169 | D:1      | 169 ||| SHOPLISTING scroll of enchant weapon (75 gold, have
                  | 35).
   169 | D:1      | 169 ||| BUYING scroll of identify (20 gold).
   169 | D:1      | Bought a scroll of identify for 20 gold pieces
   169 | D:1      | 169 ||| SHOPLISTING scroll of identify (20 gold, have 15).
   169 | D:1      | 169 ||| SHOPLISTING scroll of teleportation (30 gold, have
                  | 15).
   209 | D:1      | Reached XP level 2. HP: 22/26 MP: 1/1
   218 | D:1      | 218 ||| Stepping ~*~*~tactically~*~*~ (stealth).
   361 | D:1      | 361 ||| Stepping ~*~*~tactically~*~*~ (stealth).
   363 | D:1      | 363 ||| Stepping ~*~*~tactically~*~*~ (stealth).
   365 | D:1      | 365 ||| Stepping ~*~*~tactically~*~*~ (stealth).
   366 | D:1      | 366 ||| Stepping ~*~*~tactically~*~*~ (stealth).
   375 | D:1      | Found a faded altar of an unknown god.
   492 | D:1      | 492 ||| INVOKING Berserk.
   807 | D:1      | 807 ||| UPGRADING to +0 ring mail.
   817 | D:1      | 817 ||| DROPPING +0 animal skin.
   818 | D:1      | 818 ||| UPGRADING to ring of poison resistance.
   819 | D:1      | 819 ||| READING scroll labelled LUSIAS HIRGHO.
   820 | D:1      | 820 ||| READING scroll labelled CUICWE RE BUASTYI.
   821 | D:1      | 821 ||| DRINKING 2 metallic red potions.
   822 | D:1      | 822 ||| READING 4 scrolls of identify.
   822 | D:1      | 822 ||| IDENTIFYING fizzy ruby potion
   823 | D:1      | 823 ||| READING 3 scrolls of identify.
   823 | D:1      | 823 ||| IDENTIFYING orange potion
   824 | D:1      | 824 ||| READING 2 scrolls of identify.
   824 | D:1      | 824 ||| IDENTIFYING ruby potion
   825 | D:1      | 825 ||| DROPPING potion of degeneration.
   936 | D:2      | Noticed Sigmund
   939 | D:2      | 939 ||| DRINKING potion of curing.
   939 | D:2      | 939 ||| (to cure confusion)
   940 | D:2      | 940 ||| INVOKING Berserk.
   944 | D:2      | Killed Sigmund
   945 | D:2      | Reached XP level 3. HP: 24/31 MP: 2/2
   945 | D:2      | Reached XP level 4. HP: 30/39 MP: 3/3
   945 | D:2      | Reached XP level 5. HP: 35/45 MP: 4/4
  1298 | D:2      | Reached ** piety under Trog
  1350 | D:2      | 1350 ||| UPGRADING to +0 chain mail.
  1360 | D:2      | 1360 ||| DROPPING +0 ring mail.
  1506 | D:2      | 1506 ||| Stepping ~*~*~tactically~*~*~ (hiding).
  1632 | D:2      | Noticed Natasha
  1634 | D:2      | 1634 ||| INVOKING Berserk.
  1637 | D:2      | Killed Natasha
  1832 | D:2      | Noticed Natasha
  1833 | D:2      | 1833 ||| Stepping ~*~*~tactically~*~*~ (hiding).
  1836 | D:2      | 1836 ||| INVOKING Berserk.
  1841 | D:2      | Noticed Terence
  1848 | D:2      | Killed Terence
  1849 | D:2      | Reached XP level 6. HP: 22/53 MP: 5/5
  1855 | D:2      | Killed Natasha
  2089 | D:2      | 2089 ||| SWAPPING to +1 vorpal war axe.
  2090 | D:2      | 2090 ||| DROPPING +0 hand axe.
  2357 | D:2      | 2357 ||| READING scroll labelled WIACINN YVOPEA.
  2387 | D:3      | 2387 ||| PLANNING SEWER
  2390 | D:3      | 2390 ||| INVOKING Berserk.
  2626 | D:3      | 2626 ||| INVOKING Berserk.
  2636 | D:3      | Reached skill level 9 in Axes
  2724 | D:3      | 2724 ||| DROPPING +0 whip.
  2874 | D:3      | Found a runed translucent door.
  2875 | D:3      | Noticed Crazy Yiuf
  3065 | D:3      | 3065 ||| RIP SEWER
  3165 | D:3      | 3165 ||| PLANNING D:1-11
  3204 | D:3      | 3204 ||| FLEEEEING.
  3467 | D:3      | 3467 ||| Stepping ~*~*~tactically~*~*~ (stealth).
  3623 | D:3      | 3623 ||| UPGRADING to +0 plate armour.
  3633 | D:3      | 3633 ||| DROPPING +0 chain mail.
  3634 | D:3      | 3634 ||| DROPPING scarf of harm.
  3635 | D:3      | 3635 ||| READING 2 scrolls labelled OVVION XESEM.
  3636 | D:3      | 3636 ||| READING scroll of enchant armour.
  3636 | D:3      | 3636 ||| ENCHANTING +0 plate armour.
  3637 | D:3      | 3637 ||| READING scroll labelled HIFURPH CIUTIANK.
  3738 | D:3      | 3738 ||| READING scroll labelled IGULLOE QYXTO BOCK.
  3970 | D:4      | Reached skill level 3 in Armour
  3970 | D:4      | Reached XP level 7. HP: 60/60 MP: 6/6
  4057 | D:4      | Identified the +0 leather armour of Dim Light {rPois rC+++
                  | Regen+ Dex-4}
  4131 | D:4      | Reached *** piety under Trog
  4192 | D:4      | Found a staircase to the Ecumenical Temple.
  4483 | D:4      | 4483 ||| Stepping ~*~*~tactically~*~*~ (stealth).
  4484 | D:4      | 4484 ||| Stepping ~*~*~tactically~*~*~ (stealth).
  4581 | D:4      | 4581 ||| READING 3 scrolls labelled HOMIUF JAOKKULAE.
  4586 | D:4      | 4586 ||| READING 2 scrolls labelled UVADOT TOAZAET.
  4587 | D:4      | 4587 ||| READING 3 scrolls of identify.
  4587 | D:4      | 4587 ||| IDENTIFYING glowing inky potion
  4588 | D:4      | 4588 ||| READING 2 scrolls of identify.
  4588 | D:4      | 4588 ||| IDENTIFYING bubbling pink potion
  4589 | D:4      | 4589 ||| DROPPING scroll of vulnerability.
  4590 | D:4      | 4590 ||| DROPPING potion of brilliance.
  4605 | D:5      | Entered Level 5 of the Dungeon
  4629 | D:5      | 4629 ||| INVOKING Berserk.
  4701 | D:5      | 4701 ||| Stepping ~*~*~tactically~*~*~ (stealth).
  4702 | D:5      | 4702 ||| Stepping ~*~*~tactically~*~*~ (stealth).
  4848 | D:5      | 4848 ||| Stepping ~*~*~tactically~*~*~ (stealth).
  4851 | D:5      | 4851 ||| UPGRADING to ring of protection from cold.
  4881 | D:5      | 4881 ||| Stepping ~*~*~tactically~*~*~ (stealth).
  4883 | D:5      | Reached XP level 8. HP: 69/69 MP: 7/7
  4891 | D:5      | 4891 ||| Stepping ~*~*~tactically~*~*~ (stealth).
  5018 | D:5      | 5018 ||| Stepping ~*~*~tactically~*~*~ (stealth).
  5019 | D:5      | 5019 ||| Stepping ~*~*~tactically~*~*~ (stealth).
  5020 | D:5      | 5020 ||| Stepping ~*~*~tactically~*~*~ (stealth).
  5023 | D:5      | 5023 ||| Stepping ~*~*~tactically~*~*~ (stealth).
  5168 | D:5      | Reached skill level 6 in Fighting
  5212 | D:5      | 5212 ||| INVOKING Berserk.
  5276 | D:5      | 5276 ||| Stepping ~*~*~tactically~*~*~ (stealth).
  5277 | D:5      | 5277 ||| Stepping ~*~*~tactically~*~*~ (stealth).
  5298 | D:5      | Found a shimmering blue altar of Sif Muna.
  5444 | D:5      | 5444 ||| Stepping ~*~*~tactically~*~*~ (stealth).
  5708 | D:5      | 5708 ||| INVOKING Berserk.
  5736 | D:5      | 5736 ||| Stepping ~*~*~tactically~*~*~ (stealth).
  5849 | D:5      | Found an opulent altar of Gozag.
  5849 | D:5      | Found a basalt altar of Yredelemnul.
  5849 | D:5      | Found an iron altar of Okawaru.
  5855 | D:5      | Found a snail-covered altar of Cheibriados.
  5855 | D:5      | Found a blossoming altar of Fedhas.
  6120 | D:5      | 6120 ||| UPGRADING to amulet of reflection.
  6125 | D:5      | 6125 ||| READING scroll labelled NUYCHIUMOU.
  6126 | D:5      | 6126 ||| DROPPING +0 flail.
  6127 | D:5      | 6127 ||| DRINKING 2 fuming ruby potions.
  6157 | D:5      | 6157 ||| DROPPING potion of lignification.
  6184 | D:6      | 6184 ||| Stepping ~*~*~tactically~*~*~ (hiding).
  6187 | D:6      | 6187 ||| INVOKING Berserk.
  6487 | D:6      | 6487 ||| INVOKING Berserk.
  6607 | D:6      | 6607 ||| INVOKING Berserk.
  6772 | D:6      | Found a stormy altar of Qazlal.
  6777 | D:6      | 6777 ||| INVOKING Berserk.
  6784 | D:6      | Reached skill level 12 in Axes
  6788 | D:6      | Reached **** piety under Trog
  6816 | D:6      | Reached XP level 9. HP: 78/78 MP: 8/8
  6964 | D:6      | 6964 ||| INVOKING Berserk.
  7549 | D:6      | 7549 ||| READING scroll labelled DEQEPA ITIU.
  7550 | D:6      | 7550 ||| READING 3 scrolls of identify.
  7550 | D:6      | 7550 ||| IDENTIFYING bubbling yellow potion
  7551 | D:6      | 7551 ||| READING 2 scrolls of identify.
  7551 | D:6      | 7551 ||| IDENTIFYING dark potion
  7552 | D:6      | 7552 ||| DROPPING potion of magic.
  7581 | D:7      | 7581 ||| PLANNING OSSUARY
  7672 | D:7      | 7672 ||| Stepping ~*~*~tactically~*~*~ (stealth).
  7673 | D:7      | 7673 ||| Stepping ~*~*~tactically~*~*~ (stealth).
  7729 | D:7      | Found a white marble altar of Elyvilon.
  7787 | D:7      | Noticed a troll
  7791 | D:7      | 7791 ||| INVOKING Berserk.
  7793 | D:7      | Killed a troll
  7920 | D:7      | 7920 ||| Stepping ~*~*~tactically~*~*~ (stealth).
  7921 | D:7      | 7921 ||| Stepping ~*~*~tactically~*~*~ (stealth).
  7997 | D:7      | Found a sand-covered staircase.
  7999 | D:7      | 7999 ||| READING 2 scrolls of identify.
  7999 | D:7      | 7999 ||| IDENTIFYING yellow potion
  8003 | Ossuary  | Entered an ossuary
  8084 | Ossuary  | Reached skill level 6 in Armour
  8234 | Ossuary  | 8234 ||| Stepping ~*~*~tactically~*~*~ (stealth).
  8235 | Ossuary  | 8235 ||| Stepping ~*~*~tactically~*~*~ (stealth).
  8314 | Ossuary  | 8314 ||| READING 3 scrolls labelled YRILLA JEGH.
  8315 | Ossuary  | 8315 ||| DRINKING 2 brown potions.
  8316 | Ossuary  | 8316 ||| DRINKING 2 bubbling orange potions.
  8317 | Ossuary  | 8317 ||| DROPPING potion of flight.
  8318 | Ossuary  | 8318 ||| DROPPING 2 scrolls of magic mapping.
  8333 | D:7      | 8333 ||| PLANNING D:1-11
  8382 | D:7      | 8382 ||| Stepping ~*~*~tactically~*~*~ (stealth).
  8419 | D:7      | 8419 ||| DRINKING 5 potions of curing.
  8419 | D:7      | 8419 ||| (to cure confusion)
  8423 | D:7      | 8423 ||| DRINKING 4 potions of curing.
  8423 | D:7      | 8423 ||| (to cure confusion)
  8446 | D:7      | Noticed Joseph
  8447 | D:7      | 8447 ||| Stepping ~*~*~tactically~*~*~ (hiding).
  8451 | D:7      | 8451 ||| Stepping ~*~*~tactically~*~*~ (hiding).
  8454 | D:7      | 8454 ||| Stepping ~*~*~tactically~*~*~ (hiding).
  8461 | D:7      | 8461 ||| INVOKING Berserk.
  8463 | D:7      | Killed Joseph
  8472 | D:7      | HP: 20/82 [ufetubus (2)]
  8473 | D:7      | 8473 ||| READING 4 scrolls of teleportation.
  8474 | D:7      | 8474 ||| DRINKING 5 potions of heal wounds.
  8688 | D:7      | 8688 ||| Stepping ~*~*~tactically~*~*~ (hiding).
  8689 | D:7      | 8689 ||| Stepping ~*~*~tactically~*~*~ (hiding).
  8690 | D:7      | 8690 ||| Stepping ~*~*~tactically~*~*~ (hiding).
  8716 | D:7      | 8716 ||| Stepping ~*~*~tactically~*~*~ (stealth).
  8785 | D:7      | 8785 ||| INVOKING Berserk.
  8992 | D:7      | Reached ***** piety under Trog
  8994 | D:7      | 8994 ||| FLEEEEING.
  8995 | D:7      | 8995 ||| FLEEEEING.
  8996 | D:7      | 8996 ||| FLEEEEING.
  8999 | D:7      | 8999 ||| FLEEEEING.
  9000 | D:7      | 9000 ||| FLEEEEING.
  9145 | D:7      | 9145 ||| Stepping ~*~*~tactically~*~*~ (stealth).
  9146 | D:7      | 9146 ||| Stepping ~*~*~tactically~*~*~ (stealth).
  9148 | D:7      | 9148 ||| Stepping ~*~*~tactically~*~*~ (stealth).
  9149 | D:7      | 9149 ||| Stepping ~*~*~tactically~*~*~ (stealth).
  9151 | D:7      | 9151 ||| Stepping ~*~*~tactically~*~*~ (stealth).
  9162 | D:7      | 9162 ||| Stepping ~*~*~tactically~*~*~ (stealth).
  9163 | D:7      | 9163 ||| Stepping ~*~*~tactically~*~*~ (stealth).
  9164 | D:7      | 9164 ||| Stepping ~*~*~tactically~*~*~ (stealth).
  9172 | D:7      | 9172 ||| Stepping ~*~*~tactically~*~*~ (stealth).
  9181 | D:7      | 9181 ||| Stepping ~*~*~tactically~*~*~ (stealth).
  9182 | D:7      | 9182 ||| Stepping ~*~*~tactically~*~*~ (stealth).
  9348 | D:7      | Reached XP level 10. HP: 78/90 MP: 9/9
  9569 | D:8      | 9569 ||| Stepping ~*~*~tactically~*~*~ (hiding).
  9842 | D:8      | 9842 ||| Stepping ~*~*~tactically~*~*~ (stealth).
  9843 | D:8      | 9843 ||| Stepping ~*~*~tactically~*~*~ (stealth).
  9907 | D:8      | 9907 ||| Stepping ~*~*~tactically~*~*~ (stealth).
  9908 | D:8      | 9908 ||| Stepping ~*~*~tactically~*~*~ (stealth).
  9909 | D:8      | 9909 ||| Stepping ~*~*~tactically~*~*~ (stealth).
  9910 | D:8      | 9910 ||| Stepping ~*~*~tactically~*~*~ (stealth).
  9911 | D:8      | 9911 ||| Stepping ~*~*~tactically~*~*~ (stealth).
  9912 | D:8      | 9912 ||| Stepping ~*~*~tactically~*~*~ (stealth).
  9966 | D:8      | 9966 ||| Stepping ~*~*~tactically~*~*~ (stealth).
  9976 | D:8      | 9976 ||| Stepping ~*~*~tactically~*~*~ (stealth).
  9999 | D:8      | Found a glowing golden altar of the Shining One.
 10291 | D:8      | Found a glowing silver altar of Zin.
 10292 | D:8      | Noticed an angel
 10295 | D:8      | 10295 ||| READING scroll labelled KOCOJU SUEPOGG.
 10296 | D:8      | 10296 ||| READING 2 scrolls of identify.
 10296 | D:8      | 10296 ||| IDENTIFYING lumpy inky potion
 10297 | D:8      | 10297 ||| DROPPING potion of attraction.
 10367 | D:9      | Reached skill level 15 in Axes
 10371 | D:9      | Reached skill level 9 in Fighting
 10633 | D:9      | 10633 ||| INVOKING Berserk.
 10636 | D:9      | Reached skill level 3 in Dodging
 10645 | D:9      | Found a staircase to the Orcish Mines.
 10673 | D:9      | 10673 ||| Stepping ~*~*~tactically~*~*~ (stealth).
 10679 | D:9      | 10679 ||| Stepping ~*~*~tactically~*~*~ (stealth).
 10809 | D:9      | 10809 ||| Stepping ~*~*~tactically~*~*~ (stealth).
 10828 | D:9      | 10828 ||| Stepping ~*~*~tactically~*~*~ (stealth).
 10829 | D:9      | 10829 ||| Stepping ~*~*~tactically~*~*~ (stealth).
 10880 | D:9      | 10880 ||| Stepping ~*~*~tactically~*~*~ (stealth).
 10884 | D:9      | 10884 ||| INVOKING Berserk.
 11206 | D:9      | Identified the +1 robe of Abuammuy {Int+2}
 11280 | D:9      | 11280 ||| READING 2 scrolls of enchant armour.
 11280 | D:9      | 11280 ||| ENCHANTING +1 plate armour.
 11281 | D:9      | 11281 ||| READING scroll of enchant armour.
 11281 | D:9      | 11281 ||| ENCHANTING +2 plate armour.
 11333 | D:9      | 11333 ||| INVOKING Berserk.
 11711 | D:9      | Found a staircase to the Lair.
 11713 | D:9      | 11713 ||| INVOKING Berserk.
 11847 | D:9      | 11847 ||| PLANNING LAIR
 11847 | D:9      | 11847 ||| UPGRADING to +0 pair of gloves.
 11852 | D:9      | 11852 ||| DROPPING amulet of faith.
 11853 | D:9      | 11853 ||| DRINKING 2 sapphire potions.
 11957 | D:9      | 11957 ||| DROPPING potion of berserk rage.
 11959 | Lair:1   | Entered Level 1 of the Lair of Beasts
 12210 | Lair:1   | Noticed a cane toad
 12214 | Lair:1   | 12214 ||| Stepping ~*~*~tactically~*~*~ (stealth).
 12216 | Lair:1   | 12216 ||| Stepping ~*~*~tactically~*~*~ (stealth).
 12217 | Lair:1   | 12217 ||| INVOKING Berserk.
 12373 | Lair:1   | 12373 ||| Stepping ~*~*~tactically~*~*~ (stealth).
 12374 | Lair:1   | 12374 ||| INVOKING Berserk.
 12378 | Lair:1   | Killed a cane toad
 12563 | Lair:1   | Noticed a cane toad
 12565 | Lair:1   | 12565 ||| INVOKING Berserk.
 12568 | Lair:1   | Killed a cane toad
 12887 | Lair:1   | 12887 ||| INVOKING Berserk.
 12893 | Lair:1   | Reached XP level 11. HP: 97/97 MP: 10/10
 13526 | Lair:1   | 13526 ||| UPGRADING to +0 cloak.
 13531 | Lair:1   | 13531 ||| UPGRADING to +4 ring of evasion.
 13533 | Lair:1   | 13533 ||| READING scroll labelled RER HOLUROS.
 13562 | Lair:2   | 13562 ||| STAIRDANCE
 13670 | Lair:2   | 13670 ||| INVOKING Berserk.
 13675 | Lair:2   | Reached skill level 9 in Armour
 13693 | Lair:2   | 13693 ||| INVOKING Brothers in Arms.
 13694 | Lair:2   | 13694 ||| INVOKING Brothers in Arms.
 13695 | Lair:2   | 13695 ||| INVOKING Brothers in Arms.
 13888 | Lair:2   | Found a hole to the Spider Nest.
 13970 | Lair:2   | Noticed Gastronok
 13975 | Lair:2   | 13975 ||| INVOKING Berserk.
 13981 | Lair:2   | Killed Gastronok
 14217 | Lair:2   | 14217 ||| INVOKING Berserk.
 14238 | Lair:2   | 14238 ||| Stepping ~*~*~tactically~*~*~ (stealth).
 14240 | Lair:2   | 14240 ||| Stepping ~*~*~tactically~*~*~ (stealth).
 14252 | Lair:2   | 14252 ||| Stepping ~*~*~tactically~*~*~ (stealth).
 14253 | Lair:2   | 14253 ||| Stepping ~*~*~tactically~*~*~ (stealth).
 14258 | Lair:2   | 14258 ||| Stepping ~*~*~tactically~*~*~ (stealth).
 14262 | Lair:2   | 14262 ||| FLEEEEING.
 14263 | Lair:2   | 14263 ||| FLEEEEING.
 14264 | Lair:2   | 14264 ||| FLEEEEING.
 14265 | Lair:2   | 14265 ||| FLEEEEING.
 14266 | Lair:2   | 14266 ||| FLEEEEING.
 14267 | Lair:2   | 14267 ||| FLEEEEING.
 14268 | Lair:2   | 14268 ||| FLEEEEING.
 14269 | Lair:2   | 14269 ||| FLEEEEING.
 14270 | Lair:2   | 14270 ||| FLEEEEING.
 14271 | Lair:2   | 14271 ||| FLEEEEING.
 14272 | Lair:2   | 14272 ||| FLEEEEING.
 14273 | Lair:2   | 14273 ||| FLEEEEING.
 14292 | Lair:2   | Reached skill level 12 in Fighting
 14307 | Lair:2   | 14307 ||| FLEEEEING.
 14381 | Lair:2   | 14381 ||| INVOKING Berserk.
 14750 | Lair:2   | 14750 ||| Stepping ~*~*~tactically~*~*~ (stealth).
 14755 | Lair:2   | 14755 ||| INVOKING Berserk.
 15041 | Lair:2   | 15041 ||| DROPPING orb of mayhem.
 15042 | Lair:2   | 15042 ||| UPGRADING to +3 hat of Pondering {ponderous,
                  | Will+ MP+10 Int+5}.
 15106 | Lair:2   | 15106 ||| DROPPING ring of protection from cold.
 15107 | Lair:2   | 15107 ||| DROPPING ring of willpower.
 15126 | Lair:3   | 15126 ||| STAIRDANCE
 15209 | Lair:3   | 15209 ||| INVOKING Berserk.
 15214 | Lair:3   | Reached XP level 12. HP: 115/115 MP: 11/11
 15327 | Lair:3   | 15327 ||| INVOKING Berserk.
 15501 | Lair:3   | 15501 ||| INVOKING Berserk.
 15799 | Lair:3   | Found a staircase to the Swamp.
 15801 | Lair:3   | 15801 ||| Stepping ~*~*~tactically~*~*~ (stealth).
 15828 | Lair:3   | Noticed a five-headed hydra
 15833 | Lair:3   | 15833 ||| INVOKING Berserk.
 15835 | Lair:3   | Killed a three-headed hydra
 15962 | Lair:3   | 15962 ||| Stepping ~*~*~tactically~*~*~ (stealth).
 15970 | Lair:3   | Reached skill level 12 in Armour
 16083 | Lair:3   | 16083 ||| INVOKING Berserk.
 16447 | Lair:3   | 16447 ||| DROPPING +6 ring of dexterity.
 16479 | Lair:4   | 16479 ||| STAIRDANCE
 16485 | Lair:4   | 16485 ||| STAIRDANCE
 16554 | Lair:4   | 16554 ||| STAIRDANCE
 16560 | Lair:4   | 16560 ||| Stepping ~*~*~tactically~*~*~ (hiding).
 16575 | Lair:4   | 16575 ||| INVOKING Berserk.
 16588 | Lair:4   | 16588 ||| FLEEEEING.
 16590 | Lair:4   | 16590 ||| STAIRDANCE
 16636 | Lair:4   | 16636 ||| INVOKING Berserk.
 16644 | Lair:4   | 16644 ||| STAIRDANCE
 16763 | Lair:4   | Noticed a death yak
 16763 | Lair:4   | Noticed a death yak
 16764 | Lair:4   | 16764 ||| Stepping ~*~*~tactically~*~*~ (stealth).
 16766 | Lair:4   | 16766 ||| INVOKING Berserk.
 16770 | Lair:4   | Killed a death yak
 16838 | Lair:4   | Noticed a death yak
 16839 | Lair:4   | 16839 ||| Stepping ~*~*~tactically~*~*~ (stealth).
 16841 | Lair:4   | Noticed a death yak
 16841 | Lair:4   | Noticed a death yak
 16841 | Lair:4   | Noticed a death yak
 16842 | Lair:4   | 16842 ||| INVOKING Berserk.
 16847 | Lair:4   | Killed a death yak
 16853 | Lair:4   | Killed a death yak
 16854 | Lair:4   | Killed a death yak
 16855 | Lair:4   | Killed a death yak
 16856 | Lair:4   | Reached skill level 15 in Fighting
 16857 | Lair:4   | Killed a death yak
 17022 | Lair:4   | 17022 ||| INVOKING Berserk.
 17036 | Lair:4   | Reached skill level 6 in Dodging
 17173 | Lair:4   | Identified the +1 chain mail "Boick" {Rampage rC- Str+2
                  | Int+3 Dex+2}
 17193 | Lair:4   | 17193 ||| Stepping ~*~*~tactically~*~*~ (stealth).
 17211 | Lair:4   | 17211 ||| INVOKING Berserk.
 17228 | Lair:4   | 17228 ||| Stepping ~*~*~tactically~*~*~ (stealth).
 17229 | Lair:4   | 17229 ||| Stepping ~*~*~tactically~*~*~ (stealth).
 17239 | Lair:4   | Reached XP level 13. HP: 117/126 MP: 12/12
 17261 | Lair:4   | 17261 ||| Stepping ~*~*~tactically~*~*~ (stealth).
 17273 | Lair:4   | 17273 ||| Stepping ~*~*~tactically~*~*~ (stealth).
 17293 | Lair:4   | 17293 ||| INVOKING Berserk.
 17446 | Lair:4   | 17446 ||| Stepping ~*~*~tactically~*~*~ (stealth).
 17448 | Lair:4   | 17448 ||| INVOKING Berserk.
 17599 | Lair:4   | 17599 ||| Stepping ~*~*~tactically~*~*~ (cloud).
 17610 | Lair:4   | 17610 ||| Stepping ~*~*~tactically~*~*~ (cloud).
 17613 | Lair:4   | 17613 ||| INVOKING Berserk.
 17805 | Lair:4   | Found a staircase to the Slime Pits.
 17870 | Lair:4   | 17870 ||| INVOKING Berserk.
 18378 | Lair:4   | 18378 ||| DROPPING +1 chain mail "Boick" {Rampage rC- Str+2
                  | Int+3 Dex+2}.
 18406 | Lair:5   | Entered Level 5 of the Lair of Beasts
 18408 | Lair:5   | 18408 ||| INVOKING Berserk.
 18416 | Lair:5   | 18416 ||| STAIRDANCE
 18540 | Lair:5   | 18540 ||| DRINKING 2 potions of cancellation.
 18551 | Lair:5   | 18551 ||| Stepping ~*~*~tactically~*~*~ (stealth).
 18553 | Lair:5   | 18553 ||| INVOKING Berserk.
 18578 | Lair:5   | 18578 ||| Stepping ~*~*~tactically~*~*~ (stealth).
 18687 | Lair:5   | 18687 ||| Stepping ~*~*~tactically~*~*~ (cloud).
 18688 | Lair:5   | 18688 ||| INVOKING Berserk.
 18707 | Lair:5   | 18707 ||| Stepping ~*~*~tactically~*~*~ (cloud).
 18712 | Lair:5   | 18712 ||| Stepping ~*~*~tactically~*~*~ (stealth).
 18839 | Lair:5   | 18839 ||| INVOKING Berserk.
 18853 | Lair:5   | 18853 ||| Stepping ~*~*~tactically~*~*~ (stealth).
 18905 | Lair:5   | 18905 ||| Stepping ~*~*~tactically~*~*~ (stealth).
 18927 | Lair:5   | 18927 ||| Stepping ~*~*~tactically~*~*~ (hiding).
 18950 | Lair:5   | 18950 ||| INVOKING Berserk.
 18996 | Lair:5   | 18996 ||| FLEEEEING.
 18997 | Lair:5   | 18997 ||| FLEEEEING.
 18998 | Lair:5   | 18998 ||| FLEEEEING.
 18999 | Lair:5   | 18999 ||| FLEEEEING.
 19000 | Lair:5   | 19000 ||| FLEEEEING.
 19001 | Lair:5   | 19001 ||| FLEEEEING.
 19002 | Lair:5   | 19002 ||| FLEEEEING.
 19003 | Lair:5   | 19003 ||| FLEEEEING.
 19004 | Lair:5   | 19004 ||| FLEEEEING.
 19186 | Lair:5   | 19186 ||| Stepping ~*~*~tactically~*~*~ (stealth).
 19192 | Lair:5   | 19192 ||| Stepping ~*~*~tactically~*~*~ (stealth).
 19210 | Lair:5   | 19210 ||| INVOKING Berserk.
 19215 | Lair:5   | Reached skill level 15 in Armour
 19231 | Lair:5   | 19231 ||| Stepping ~*~*~tactically~*~*~ (stealth).
 19249 | Lair:5   | 19249 ||| Stepping ~*~*~tactically~*~*~ (stealth).
 19251 | Lair:5   | 19251 ||| Stepping ~*~*~tactically~*~*~ (stealth).
 19252 | Lair:5   | 19252 ||| Stepping ~*~*~tactically~*~*~ (stealth).
 19273 | Lair:5   | 19273 ||| Stepping ~*~*~tactically~*~*~ (stealth).
 19274 | Lair:5   | 19274 ||| Stepping ~*~*~tactically~*~*~ (stealth).
 19283 | Lair:5   | 19283 ||| INVOKING Berserk.
 19504 | Lair:5   | Found a corrupted altar of Lugonu.
 19504 | Lair:5   | Found a one-way gate to the infinite horrors of the Abyss.
 19508 | Lair:5   | Identified the ring "Agecokat" {Fire rPois Will+ Int-3
                  | Dex+4}
 19577 | Lair:5   | 19577 ||| Stepping ~*~*~tactically~*~*~ (stealth).
 19579 | Lair:5   | 19579 ||| Stepping ~*~*~tactically~*~*~ (stealth).
 19581 | Lair:5   | 19581 ||| Stepping ~*~*~tactically~*~*~ (stealth).
 19583 | Lair:5   | 19583 ||| INVOKING Berserk.
 19731 | Lair:5   | 19731 ||| INVOKING Berserk.
 19920 | Lair:5   | 19920 ||| Stepping ~*~*~tactically~*~*~ (stealth).
 19936 | Lair:5   | 19936 ||| Stepping ~*~*~tactically~*~*~ (stealth).
 19939 | Lair:5   | 19939 ||| Stepping ~*~*~tactically~*~*~ (stealth).
 19953 | Lair:5   | 19953 ||| Stepping ~*~*~tactically~*~*~ (stealth).
 19967 | Lair:5   | 19967 ||| INVOKING Berserk.
 19976 | Lair:5   | 19976 ||| Stepping ~*~*~tactically~*~*~ (stealth).
 19996 | Lair:5   | 19996 ||| Stepping ~*~*~tactically~*~*~ (stealth).
 20068 | Lair:5   | 20068 ||| Stepping ~*~*~tactically~*~*~ (stealth).
 20071 | Lair:5   | 20071 ||| Stepping ~*~*~tactically~*~*~ (stealth).
 20086 | Lair:5   | 20086 ||| Stepping ~*~*~tactically~*~*~ (stealth).
 20173 | Lair:5   | Reached skill level 18 in Fighting
 20189 | Lair:5   | Reached XP level 14. HP: 142/143 MP: 13/13
 20352 | Lair:5   | 20352 ||| INVOKING Berserk.
 20656 | Lair:5   | 20656 ||| INVOKING Berserk.
 21127 | Lair:5   | 21127 ||| PLANNING D:1-11
 21127 | Lair:5   | 21127 ||| UPGRADING to +2 cloak.
 21137 | Lair:5   | 21137 ||| DROPPING +0 cloak.
 21138 | Lair:5   | 21138 ||| UPGRADING to ring "Agecokat" {Fire rPois Will+
                  | Int-3 Dex+4}.
 21140 | Lair:5   | 21140 ||| READING 11 scrolls of identify.
 21140 | Lair:5   | 21140 ||| IDENTIFYING bubbling golden potion
 21141 | Lair:5   | 21141 ||| DROPPING potion of ambrosia.
 21255 | D:10     | Entered Level 10 of the Dungeon
 21479 | D:10     | 21479 ||| Stepping ~*~*~tactically~*~*~ (stealth).
 21496 | D:10     | 21496 ||| Stepping ~*~*~tactically~*~*~ (stealth).
 21777 | D:10     | 21777 ||| Stepping ~*~*~tactically~*~*~ (stealth).
 21875 | D:10     | 21875 ||| READING scroll of brand weapon.
 21875 | D:10     | 21875 ||| BRANDING +2 war axe of flaming.
 22014 | D:10     | 22014 ||| DROPPING +0 club.
 22026 | D:10     | 22026 ||| DROPPING +1 whip of venom.
 22046 | D:10     | 22046 ||| DROPPING ring of ice.
 22131 | D:11     | 22131 ||| FLEEEEING.
 22141 | D:11     | 22141 ||| STAIRDANCE
 22204 | D:11     | 22204 ||| Stepping ~*~*~tactically~*~*~ (stealth).
 22205 | D:11     | 22205 ||| Stepping ~*~*~tactically~*~*~ (stealth).
 22232 | D:11     | Reached skill level 9 in Dodging
 22398 | D:11     | Received a gift from Trog
 22501 | D:11     | 22501 ||| SWAPPING to +0 broad axe of flaming.
 22502 | D:11     | 22502 ||| DROPPING +2 vorpal war axe.
 22503 | D:11     | 22503 ||| DROPPING +0 morningstar of protection.
 22740 | D:11     | 22740 ||| INVOKING Brothers in Arms.
 22777 | D:11     | 22777 ||| INVOKING Brothers in Arms.
 22779 | D:11     | 22779 ||| INVOKING Berserk.
 22803 | D:11     | 22803 ||| FLEEEEING.
 22804 | D:11     | 22804 ||| FLEEEEING.
 22805 | D:11     | 22805 ||| FLEEEEING.
 22806 | D:11     | 22806 ||| FLEEEEING.
 22806 | D:11     | Lost intelligence.
 22810 | D:11     | 22810 ||| FLEEEEING.
 22811 | D:11     | 22811 ||| REMOVING ring "Agecokat" {Fire rPois Will+ Int-3
                  | Dex+4}.
 22894 | D:11     | 22894 ||| Stepping ~*~*~tactically~*~*~ (stealth).
 22896 | D:11     | 22896 ||| Stepping ~*~*~tactically~*~*~ (hiding).
 22897 | D:11     | 22897 ||| INVOKING Berserk.
 22910 | D:11     | Lost intelligence.
 22919 | D:11     | 22919 ||| FLEEEEING.
 22920 | D:11     | 22920 ||| FLEEEEING.
 23053 | D:11     | 23053 ||| Stepping ~*~*~tactically~*~*~ (stealth).
 23055 | D:11     | 23055 ||| INVOKING Brothers in Arms.
 23056 | D:11     | 23056 ||| INVOKING Brothers in Arms.
 23064 | D:11     | 23064 ||| FLEEEEING.
 23065 | D:11     | 23065 ||| FLEEEEING.
 23141 | D:11     | 23141 ||| DRINKING 4 potions of curing.
 23141 | D:11     | 23141 ||| (to cure confusion)
 23142 | D:11     | 23142 ||| INVOKING Brothers in Arms.
 23143 | D:11     | 23143 ||| INVOKING Brothers in Arms.
 23537 | D:11     | 23537 ||| INVOKING Berserk.
 23703 | D:11     | 23703 ||| DRINKING 3 potions of curing.
 23703 | D:11     | 23703 ||| (to cure confusion)
 23766 | D:11     | 23766 ||| DRINKING 2 potions of curing.
 23766 | D:11     | 23766 ||| (to cure confusion)
 23774 | D:11     | 23774 ||| DRINKING potion of curing.
 23774 | D:11     | 23774 ||| (to cure confusion)
 23801 | D:11     | 23801 ||| INVOKING Berserk.
 23813 | D:11     | 23813 ||| FLEEEEING.
 23830 | D:11     | 23830 ||| Stepping ~*~*~tactically~*~*~ (stealth).
 24012 | D:11     | 24012 ||| FLEEEEING.
 24013 | D:11     | 24013 ||| FLEEEEING.
 24019 | D:11     | 24019 ||| FLEEEEING.
 24020 | D:11     | 24020 ||| FLEEEEING.
 24021 | D:11     | 24021 ||| FLEEEEING.
 24022 | D:11     | 24022 ||| FLEEEEING.
 24023 | D:11     | 24023 ||| FLEEEEING.
 24024 | D:11     | 24024 ||| FLEEEEING.
 24226 | D:11     | 24226 ||| PLANNING D
 24226 | D:11     | 24226 ||| REMOVING +3 hat of Pondering {ponderous, Will+
                  | MP+10 Int+5}.
 24231 | D:11     | 24231 ||| UPGRADING to ring of positive energy.
 24232 | D:11     | 24232 ||| UPGRADING to ring "Agecokat" {Fire rPois Will+
                  | Int-3 Dex+4}.
 24234 | D:11     | 24234 ||| DROPPING ring of positive energy.
 24294 | D:12     | 24294 ||| FLEEEEING.
 24295 | D:12     | 24295 ||| FLEEEEING.
 24296 | D:12     | 24296 ||| FLEEEEING.
 24297 | D:12     | 24297 ||| FLEEEEING.
 24298 | D:12     | 24298 ||| FLEEEEING.
 24299 | D:12     | 24299 ||| FLEEEEING.
 24300 | D:12     | 24300 ||| FLEEEEING.
 24301 | D:12     | 24301 ||| FLEEEEING.
 24302 | D:12     | 24302 ||| FLEEEEING.
 24303 | D:12     | 24303 ||| STAIRDANCE
 24423 | D:12     | 24423 ||| STAIRDANCE
 24534 | D:12     | 24534 ||| INVOKING Berserk.
 24691 | D:12     | Found an iron altar of Okawaru.
 24703 | D:12     | 24703 ||| FLEEEEING.
 24704 | D:12     | 24704 ||| FLEEEEING.
 24705 | D:12     | 24705 ||| FLEEEEING.
 24706 | D:12     | 24706 ||| FLEEEEING.
 24707 | D:12     | 24707 ||| STAIRDANCE
 24819 | D:12     | 24819 ||| INVOKING Berserk.
 24938 | D:13     | Found a portal to a secret trove of treasure.
 24946 | D:13     | 24946 ||| STAIRDANCE
 24948 | D:12     | 24948 ||| FLEEEEING.
 25848 | D:13     | 25848 ||| Stepping ~*~*~tactically~*~*~ (hiding).
 25854 | D:13     | 25854 ||| INVOKING Berserk.
 25874 | D:13     | 25874 ||| Stepping ~*~*~tactically~*~*~ (water).
 25877 | D:13     | Reached skill level 18 in Axes
 26091 | D:13     | 26091 ||| UPGRADING to +3 hat of Pondering {ponderous,
                  | Will+ MP+10 Int+5}.
 26145 | D:13     | 26145 ||| READING scroll of brand weapon.
 26145 | D:13     | 26145 ||| BRANDING +0 broad axe of flaming.
 26193 | D:13     | 26193 ||| UPGRADING to ring of poison resistance.
 26195 | D:13     | 26195 ||| DROPPING ring of magical power.
 26196 | D:13     | 26196 ||| READING scroll labelled VOQOTH UXIV.
 26247 | D:14     | 26247 ||| INVOKING Trog's Hand.
 26279 | D:14     | 26279 ||| Stepping randomly (cloudy).
 26318 | D:14     | 26318 ||| Stepping ~*~*~tactically~*~*~ (hiding).
 26319 | D:14     | 26319 ||| Stepping ~*~*~tactically~*~*~ (hiding).
 26320 | D:14     | 26320 ||| Stepping ~*~*~tactically~*~*~ (hiding).
 26652 | D:14     | 26652 ||| Stepping ~*~*~tactically~*~*~ (stealth).
 26658 | D:14     | 26658 ||| Stepping ~*~*~tactically~*~*~ (stealth).
 26659 | D:14     | 26659 ||| Stepping ~*~*~tactically~*~*~ (stealth).
 26668 | D:14     | 26668 ||| INVOKING Berserk.
 26851 | D:14     | You fall into a shaft and drop 1 floor!
 26851 | D:15     | Entered Level 15 of the Dungeon
 26878 | D:15     | 26878 ||| SWAPPING to +0 flail.
 26881 | D:15     | 26881 ||| INVOKING Berserk.
 26924 | D:15     | 26924 ||| Stepping ~*~*~tactically~*~*~ (stealth).
 26925 | D:15     | 26925 ||| SWAPPING to +0 broad axe of protection.
 26926 | D:15     | 26926 ||| Stepping ~*~*~tactically~*~*~ (stealth).
 26927 | D:15     | 26927 ||| Stepping ~*~*~tactically~*~*~ (stealth).
 27094 | D:15     | 27094 ||| READING scroll of enchant armour.
 27094 | D:15     | 27094 ||| ENCHANTING +0 pair of gloves.
 27102 | D:15     | Identified the +0 ring mail "Aruhewn" {Int+3 Dex+2 Slay+2}
 27111 | D:15     | 27111 ||| UPGRADING to +0 buckler.
 27121 | D:15     | Reached skill level 1 in Shields
 27122 | D:15     | 27122 ||| INVOKING Trog's Hand.
 27126 | D:15     | 27126 ||| INVOKING Berserk.
 27132 | D:15     | Reached skill level 3 in Shields
 27287 | D:15     | 27287 ||| UPGRADING to ring "Agecokat" {Fire rPois Will+
                  | Int-3 Dex+4}.
 27321 | D:14     | 27321 ||| INVOKING Berserk.
 27328 | D:14     | Reached XP level 15. HP: 151/151 MP: 14/14
 27734 | D:14     | 27734 ||| FLEEEEING.
 27735 | D:14     | 27735 ||| FLEEEEING.
 27736 | D:14     | 27736 ||| FLEEEEING.
 27737 | D:14     | 27737 ||| FLEEEEING.
 27738 | D:14     | 27738 ||| FLEEEEING.
 27745 | D:14     | 27745 ||| FLEEEEING.
 27746 | D:14     | 27746 ||| FLEEEEING.
 27747 | D:14     | 27747 ||| FLEEEEING.
 27748 | D:14     | 27748 ||| FLEEEEING.
 27749 | D:14     | 27749 ||| FLEEEEING.
 27750 | D:14     | 27750 ||| STAIRDANCE
 27819 | D:14     | 27819 ||| Stepping ~*~*~tactically~*~*~ (hiding).
 27821 | D:14     | 27821 ||| INVOKING Trog's Hand.
 27828 | D:14     | 27828 ||| Stepping ~*~*~tactically~*~*~ (hiding).
 27889 | D:14     | 27889 ||| Stepping ~*~*~tactically~*~*~ (hiding).
 27893 | D:14     | 27893 ||| INVOKING Berserk.
 27926 | D:14     | 27926 ||| Stepping ~*~*~tactically~*~*~ (stealth).
 27927 | D:14     | 27927 ||| Stepping ~*~*~tactically~*~*~ (stealth).
 27952 | D:14     | Found a gate to the Vaults.
 27964 | D:14     | 27964 ||| Stepping ~*~*~tactically~*~*~ (stealth).
 27976 | D:14     | Reached skill level 6 in Shields
 28363 | D:15     | 28363 ||| Stepping ~*~*~tactically~*~*~ (hiding).
 28365 | D:15     | 28365 ||| Stepping ~*~*~tactically~*~*~ (hiding).
 28366 | D:15     | 28366 ||| Stepping ~*~*~tactically~*~*~ (hiding).
 28367 | D:15     | 28367 ||| Stepping ~*~*~tactically~*~*~ (hiding).
 28459 | D:15     | 28459 ||| INVOKING Berserk.
 28529 | D:15     | 28529 ||| INVOKING Berserk.
 28567 | D:15     | Reached skill level 9 in Shields
 28569 | D:15     | 28569 ||| Stepping ~*~*~tactically~*~*~ (hiding).
 28632 | D:15     | Found a staircase to the Depths.
 28877 | D:15     | 28877 ||| PLANNING ORC
 28962 | D:12     | 28962 ||| DROPPING +0 flail.
 29049 | Orc:1    | Entered Level 1 of the Orcish Mines
 29313 | Orc:2    | Entered Level 2 of the Orcish Mines
 29313 | Orc:2    | Found a staircase to the Elven Halls.
 29320 | Orc:2    | 29320 ||| Stepping ~*~*~tactically~*~*~ (hiding).
 29324 | Orc:2    | 29324 ||| INVOKING Trog's Hand.
 29327 | Orc:2    | 29327 ||| INVOKING Berserk.
 29338 | Orc:2    | 29338 ||| FLEEEEING.
 29342 | Orc:2    | 29342 ||| STAIRDANCE
 29462 | Orc:2    | 29462 ||| Stepping ~*~*~tactically~*~*~ (hiding).
 29654 | Orc:2    | Noticed Snorg
 29669 | Orc:2    | Noticed Azrael
 29672 | Orc:2    | 29672 ||| INVOKING Berserk.
 29676 | Orc:2    | Reached skill level 3 in Throwing
 29676 | Orc:2    | Killed Snorg
 29687 | Orc:2    | Killed Azrael
 29783 | Orc:2    | 29783 ||| FLEEEEING.
 29927 | Orc:2    | 29927 ||| Stepping ~*~*~tactically~*~*~ (hiding).
 29934 | Orc:2    | 29934 ||| Stepping ~*~*~tactically~*~*~ (stealth).
 29975 | Orc:2    | 29975 ||| Stepping ~*~*~tactically~*~*~ (stealth).
 29977 | Orc:2    | 29977 ||| INVOKING Berserk.
 29987 | Orc:2    | 29987 ||| Stepping ~*~*~tactically~*~*~ (hiding).
 29991 | Orc:2    | 29991 ||| INVOKING Brothers in Arms.
 30015 | Orc:2    | 30015 ||| INVOKING Brothers in Arms.
 30035 | Orc:2    | Found Vixteh's Antique Weapon Emporium.
 30035 | Orc:2    | Found Dunol's Weapon Shop.
 30037 | Orc:2    | 30037 ||| INVOKING Berserk.
 30065 | Orc:2    | 30065 ||| Stepping ~*~*~tactically~*~*~ (hiding).
 30115 | Orc:2    | 30115 ||| FLEEEEING.
 30116 | Orc:2    | 30116 ||| FLEEEEING.
 30117 | Orc:2    | 30117 ||| FLEEEEING.
 30253 | Orc:2    | 30253 ||| BUYING +1 war axe of flaming (199 gold).
 30253 | Orc:2    | Bought a +1 war axe of flaming for 199 gold pieces
 30253 | Orc:2    | 30253 ||| DROPPING +0 morningstar.
 30273 | Orc:2    | Noticed Nessos
 30279 | Orc:2    | Killed Nessos
 30334 | Orc:2    | 30334 ||| INVOKING Berserk.
 30367 | Orc:2    | Found Tocelat's Antique Weapon Emporium.
 30367 | Orc:2    | Found Zis Irul's Weapon Shop.
 30370 | Orc:2    | 30370 ||| INVOKING Brothers in Arms.
 30383 | Orc:2    | HP: 35/151 [ice devil[an orc high priest] (6)]
 30383 | Orc:2    | HP: 13/151 [ice devil[an orc high priest] (22)]
 30384 | Orc:2    | 30384 ||| READING 9 scrolls of teleportation.
 30385 | Orc:2    | 30385 ||| DRINKING 8 potions of heal wounds.
 30807 | Orc:2    | 30807 ||| BUYING +2 war axe of flaming (256 gold).
 30807 | Orc:2    | Bought a +2 war axe of flaming for 256 gold pieces
 30807 | Orc:2    | 30807 ||| DROPPING +1 war axe of flaming.
 30829 | Orc:2    | Noticed Erolcha
 30830 | Orc:2    | 30830 ||| Stepping ~*~*~tactically~*~*~ (hiding).
 30835 | Orc:2    | 30835 ||| INVOKING Trog's Hand.
 30841 | Orc:2    | Killed Erolcha
 30978 | Orc:2    | 30978 ||| INVOKING Berserk.
 31151 | Orc:2    | 31151 ||| Stepping ~*~*~tactically~*~*~ (stealth).
 31222 | Orc:1    | 31222 ||| Stepping ~*~*~tactically~*~*~ (hiding).
 31228 | Orc:1    | 31228 ||| INVOKING Berserk.
 31375 | Orc:1    | Found Kaclyth's Jewellery Shoppe.
 31383 | Orc:1    | 31383 ||| BUYING ring of fire (300 gold).
 31383 | Orc:1    | Bought a ring of fire for 300 gold pieces
 31383 | Orc:1    | 31383 ||| BUYING ring of poison resistance (240 gold).
 31383 | Orc:1    | Bought a ring of poison resistance for 240 gold pieces
 31563 | Orc:1    | 31563 ||| PLANNING SWAMP:1-3
 31678 | Swamp:1  | Entered Level 1 of the Swamp
 31685 | Swamp:1  | 31685 ||| Stepping ~*~*~tactically~*~*~ (hiding).
 31712 | Swamp:1  | 31712 ||| Stepping ~*~*~tactically~*~*~ (hiding).
 31715 | Swamp:1  | 31715 ||| INVOKING Berserk.
 31717 | Swamp:1  | Noticed Donald
 31728 | Swamp:1  | HP: 33/151 [Donald/+6 demon trident of pain (32)]
 31729 | Swamp:1  | 31729 ||| READING 8 scrolls of teleportation.
 31730 | Swamp:1  | 31730 ||| DRINKING 7 potions of heal wounds.
 31730 | Swamp:1  | HP: 13/151 [alligator (5)]
 31731 | Swamp:1  | 31731 ||| DRINKING 6 potions of heal wounds.
 31731 | Swamp:1  | HP: 3/151 [Donald/+6 demon trident of pain (34)]
 31731 | Swamp:1  | Slain by an alligator

Levels and vault maps discovered:
D:1:      mrwooster_arrival_arrow, layout_rooms,
          hellmonk_ecumenical_altar_blasted, serial_shops, nicolae_square_shop,
          minmay_split_cup_large
D:2:      layout_basic, uniq_terence, uniq_natasha, uniq_sigmund
D:3:      layout_rooms, portal_sewer_entry_e, chequers_serial_rivers_micro_c,
          grunt_ministairs_15, kennysheep_generic_room_16,
          uniq_crazy_yiuf_cottage
D:4:      layout_loops_corners, minmay_temple_entry_glassed_door, minmay_unequal
D:5:      cheibrodos_thug_alley, layout_layer_cave, led_sif_pool,
          minmay_overflow_temple_star_hex
D:6:      layout_loops_ring, grunt_qazlal_sundering,
          chequers_serial_rivers_micro_b, amcnicky_mini_rare_corridor_liquid,
          dk_noncrumbling_2
D:7:      layout_basic, general_overflow_altar, nicolae_ossuary_entry_giza,
          uniq_joseph
D:8:      layout_gridville, lemuel_round_altar, zin_angel
D:9:      layout_roguey, grunt_lair_entry_orc_guard_hut, zombieorc1_lemuel
D:10:     layout_loops_ring
D:11:     layout_basic, minivault_15
D:12:     layout_cross, kennysheep_okawaru_gauntlet
D:13:     layout_loops_corners, enter_trove_2, worms_lemuel
D:14:     layout_gridville, grunt_vaults_entry_fortified,
          kennysheep_another_room
D:15:     gammafunk_enter_depths_forms, layout_cave_pools,
          roderic_roman_lattice, minmay_fractal_squares_5
Lair:1:   layout_layer_cave, serial_bayou_shore_a, grunt_megastairs_2
Lair:2:   layout_regular_city, nicolae_spider_entry_tight_spaces, uniq_gastronok
Lair:3:   layout_chaotic_city, swamp_mist
Lair:4:   layout_loops_ring, slime_entry_1
Lair:5:   hellmonk_lair_end_abyssal_woods, layout_cave_pods, lemuel_fruit_fields
Swamp:1:  layout_falls_marsh, serial_swamp_ruin, evilmike_swamp_ruin_house_1,
          evilmike_swamp_ruin_house_4, evilmike_swamp_ruin_house_5, uniq_donald,
          uniq_mlioglotl
Orc:1:    layout_caves, serial_shops, nicolae_shop_hallway_stairs
Orc:2:    st_orc_town, layout_diamond_mine, uniq_erolcha, uniq_azrael,
          uniq_snorg, uniq_nessos

Skill      XL: |  1  2  3  4  5  6  7  8  9 10 11 12 13 14 15 |
---------------+----------------------------------------------+-----
Axes           | 4 7 9 10 12 14 16 18 | 18.0
Fighting       | 4 5 6 8 9 13 15 18 | 18.9
Armour         | 3 4 5 6 8 11 13 15 16 | 16.0
Throwing       | 2 4 |  4.0
Dodging        | 3 4 6 7 9 10 | 10.1
Shields        | 3 11 | 11.0

Action                   |  1- 3 |  4- 6 |  7- 9 | 10-12 | 13-15 || total
-------------------------+-------+-------+-------+-------+-------++-------
Melee: Hand axe          |    37 |    49 |       |       |       ||    86
       Headbutt          |     5 |    14 |    46 |    83 |   264 ||   412
       War axe           |       |    76 |   265 |   424 |   394 ||  1159
       Punch             |       |     1 |     2 |     3 |     8 ||    14
       Broad axe         |       |       |       |       |   664 ||   664
       Flail             |       |       |       |       |     6 ||     6
Throw: Boomerang         |       |    16 |   102 |       |    15 ||   133
Invok: Berserk           |     2 |     4 |    11 |    24 |    38 ||    79
       Brothers in Arms  |       |       |       |     1 |     7 ||     8
       Trog's Hand       |       |       |       |       |     5 ||     5
  Use: Scroll            |     5 |     5 |    11 |     5 |     7 ||    33
       Potion            |     2 |       |     6 |     1 |     8 ||    17
 Stab: Petrifying        |       |       |       |       |     1 ||     1
Armor: Animal skin       |     6 |       |       |       |       ||     6
       Chain mail        |       |    39 |       |       |       ||    39
       Ring mail         |       |     5 |       |       |       ||     5
       Plate armour      |       |     5 |   119 |   137 |   460 ||   721
Dodge: Dodged            |    16 |    38 |    64 |   156 |   501 ||   775
Block: Other             |       |       |    36 |    85 |   116 ||   237
       Reflection        |       |       |     1 |       |    37 ||    38
       Buckler           |       |       |       |       |   182 ||   182

Table legend:
 A = Non-vault XP
 B = Vault XP
 C = Vault XP percentage of total XP
 D = Non-vault monster count
 E = Vault monster count
 F = Vault count percentage of total count
                 A         B        C        D         E       F
            +---------+---------+-------+---------+---------+-------
      Total |   91760 |   48885 |  34.8 |     490 |     247 |  33.5
            +---------+---------+-------+---------+---------+-------
        D:1 |      34 |       6 |  15.0 |      20 |       4 |  16.7
        D:2 |     101 |     296 |  74.6 |      23 |       3 |  11.5
        D:3 |     229 |      45 |  16.4 |      24 |      11 |  31.4
        D:4 |     255 |      18 |   6.6 |      19 |       3 |  13.6
        D:5 |     746 |     211 |  22.0 |      18 |      10 |  35.7
        D:6 |     909 |       0 |   0.0 |      26 |       0 |   0.0
        D:7 |    2067 |     459 |  18.2 |      32 |       4 |  11.1
        D:8 |     810 |       0 |   0.0 |      18 |       0 |   0.0
        D:9 |    1239 |    1267 |  50.6 |      14 |      33 |  70.2
       D:10 |    4758 |       0 |   0.0 |      21 |       0 |   0.0
       D:11 |    4779 |       0 |   0.0 |      30 |       0 |   0.0
       D:12 |    6793 |       0 |   0.0 |      22 |       0 |   0.0
       D:13 |    3752 |    2153 |  36.5 |      10 |       8 |  44.4
       D:14 |    4734 |    6156 |  56.5 |       9 |      10 |  52.6
       D:15 |    8654 |    8695 |  50.1 |      16 |      14 |  46.7
     Lair:1 |    1819 |     934 |  33.9 |       8 |       3 |  27.3
     Lair:2 |    6714 |    2270 |  25.3 |      30 |       5 |  14.3
     Lair:3 |    5882 |       0 |   0.0 |      20 |       0 |   0.0
     Lair:4 |   15569 |       0 |   0.0 |      37 |       0 |   0.0
     Lair:5 |   15502 |   11920 |  43.5 |      45 |      39 |  46.4
    Swamp:1 |    2313 |       0 |   0.0 |       5 |       0 |   0.0
      Orc:1 |    1930 |       0 |   0.0 |      22 |       0 |   0.0
      Orc:2 |    2171 |   14159 |  86.7 |      21 |      61 |  74.4
    Ossuary |       0 |     296 | 100.0 |       0 |      39 | 100.0
            +---------+---------+-------+---------+---------+-------
